 Dungeon Crawl Stone Soup version 0.30-a0-297-g0ec75d9ef4 (webtiles) character file.

Game seed: 1770654727814432776

4657 GeoRichter the Basher (level 10, 0/82 HPs)
             Began as an Armataur Fighter on Oct 18, 2022.
             Was an Initiate of Gozag.
             Slain by a killer bee (8 damage)
             ... on level 7 of the Dungeon.
             The game lasted 00:18:26 (8645 turns).

GeoRichter the Basher (Armataur Fighter)            Turns: 8645, Time: 00:18:27

Health: 0/82       AC:  8    Str: 24    XL:     10   Next: 20%
Magic:  0/10       EV:  9    Int:  9    God:    Gozag
Gold:   500        SH:  5    Dex: 17    Spells: 9/9 levels left

rFire   . . .      SeeInvis +    a - +2 flail
rCold   . . .      Faith    .    c - +0 buckler
rNeg    . . .      Spirit   +    B - +1 ring mail "Guini" {rPois}
rPois   +          Reflect  .    (no helmet)
rElec   .          Harm     .    g - +0 cloak
rCorr   .          Roll     +    (no gloves)
Will    .....                    (no barding)
Stlth   +.........               F - amulet of guardian spirit
HPRegen 0.33/turn                e - ring of see invisible
MPRegen 0.12/turn                f - +6 ring of dexterity

@: mighty, gold aura, studying Short Blades
A: large, rugged brown scales 3, deformed body, armoured tail, roll, long
tongue, awkward tongue
a: Renounce Religion, Potion Petition, Call Merchant, Bribe Branch


You were on level 7 of the Dungeon.
You worshipped Gozag.
Gozag was pleased with you.
You visited 1 branch of the dungeon, and saw 9 of its levels.

You collected 1147 gold pieces.
You spent 381 gold pieces at shops.
You paid 266 gold pieces to Gozag.

Inventory:

Hand Weapons
 a - a +2 flail (weapon)
Missiles
 y - 9 poisoned darts (quivered)
Armour
 c - a +0 buckler (worn)
 g - a +0 cloak (worn)
 z - a +0 chain mail
 B - the +1 ring mail "Guini" (worn) {rPois}
   (You bought it in a shop on level 6 of the Dungeon)

   rPois:     It protects you from poison.
Jewellery
 e - a ring of see invisible (left hand)
 f - a +6 ring of dexterity (right hand)
 q - a +6 ring of intelligence
 t - a ring of ice
 F - an amulet of guardian spirit (around neck)
Wands
 A - a wand of light (14)
 D - a wand of polymorph (14)
 G - a wand of charming (2)
Scrolls
 b - 2 scrolls of fog
 j - a scroll of amnesia
 m - a scroll of acquirement {unknown}
 n - 3 scrolls of poison {unknown}
 o - a scroll of summoning
 r - a scroll of enchant weapon
 w - a scroll of blinking {unknown}
 x - a scroll of magic mapping {unknown}
 C - a scroll of teleportation {unknown}
Potions
 h - 4 potions of curing
 i - a potion of lignification
 k - a potion of mutation
 l - 2 potions of cancellation
 p - 3 potions of brilliance
 s - a potion of resistance
 u - 2 potions of attraction
 v - a potion of invisibility
 E - a potion of haste {unknown}


   Skills:
 + Level 3.3 Fighting
 + Level 13.1 Maces & Flails
 + Level 4.4 Armour
 + Level 1.5 Dodging
 + Level 4.1 Shields


You had 9 spell levels left.
You didn't know any spells.
Your spell library contained the following spells:

 Spells                   Type           Power      Damage    Failure   Level
 Leda's Liquefaction      Hex/Erth       0%         N/A       100%        4
 Lee's Rapid Deconstruct  Erth           0%         3d4*      100%        5
 Summon Forest            Summ/Tloc      0%         N/A       100%        5
 Eringya's Noxious Bog    Tmut/Pois      0%         N/A       100%        6
 Statue Form              Tmut/Erth      0%         N/A       100%        6
 Summon Hydra             Summ           0%         N/A       100%        7


Dungeon Overview and Level Annotations

Branches:
Dungeon (9/15)             Temple (0/1) D:4
   Lair: D:8-11         Orc: D:9-12

Altars:
Dithmenos
Gozag
Qazlal

Shops:
D:4 :   D:6 *   D:7 *


Innate Abilities, Weirdness & Mutations

You are completely covered in rugged brown scales. (AC +3, +7% HP)
Armour fits poorly on your strangely shaped body.
You have a long armoured tail.
You roll when moving toward enemies. (Rampage)
Your long tongue fully drains potion bottles. (2x potion effects)
Your tongue gives you trouble enunciating. (1.5x scroll delay)


Message History

You barely miss the killer bee.
The killer bee is almost dead.
The killer bee stings you but does no damage.
The killer bee stings you.
* * * LOW HITPOINT WARNING * * *
Unknown command.
You barely miss the killer bee.
The killer bee is almost dead.
The killer bee closely misses you. You block the killer bee's attack.
The killer bee stings you. x2
* * * LOW HITPOINT WARNING * * *
Unknown command.
You miss the killer bee.
Your tail-slap misses the killer bee.
The killer bee is almost dead.
The killer bee stings you but does no damage.
The killer bee stings you.
* * * LOW HITPOINT WARNING * * *
You miss the killer bee.
The killer bee is almost dead.
The killer bee closely misses you. x2
The killer bee stings you but does no damage.
The killer bee closely misses you.
You closely miss the killer bee.
The killer bee is almost dead.
The killer bee barely misses you. The killer bee completely misses you.
Okay, then.
You miss the killer bee.
The killer bee is almost dead.
The killer bee barely misses you. You block the killer bee's attack.
The killer bee barely misses you.
The killer bee stings you but does no damage.
You miss the killer bee.
Your tail-slap misses the killer bee.
The killer bee is almost dead.
You block the killer bee's attack.
The killer bee stings you but does no damage.
You miss the killer bee. You tail-slap the killer bee.
You kill the killer bee!
The killer bee stings you!
You die...
Your body crumbles into a pile of gold.

##### ##########
#####...#
#........#####.......#
#.)...<.@$...#.###..##
#........y.....###.##
########.###.####..######
#.......# #..#...... $$$
###.###.# #.##...... $$$
$ ###.###)###.##......
$$$ #......)#.......#.##
$$$ ###.###.#..######.#
$$$ #.###...#######.##


You could see a killer bee.

Vanquished Creatures
  Pikel (D:8)
  Maggie (D:8)
  A hornet (D:8)
  A shadow (D:9)
  A wyvern (D:9)
  Menkaure (D:6)
  A steam dragon (D:4)
  2 water moccasins (D:8)
  2 ice beasts (D:7)
  2 orc warriors
  3 sky beasts
  A centaur (D:9)
  An ogre (D:5)
  2 lemures
  2 kobold brigands (D:8)
  A bullfrog (D:8)
  4 scorpions
  18 wights
  3 killer bees
  3 howler monkeys
  An orc priest (D:8)
  3 hounds
  2 jellies
  Terence (D:3)
  2 iguanas
  5 orc wizards
  8 gnolls
  3 adders
  A shadow imp (D:7)
  A white imp (D:5)
  An ufetubus (D:5)
  3 dart slugs
  20 orcs
  4 endoplasms
  2 giant cockroaches
  7 goblins
  7 hobgoblins
  6 jackals
  8 quokkas
  2 ball pythons
  3 bats
  6 frilled lizards
  21 kobolds
  6 rats
174 creatures vanquished.

Notes
Turn   | Place    | Note
-------+----------+-------------------------------------------
     0 | D:1      | GeoRichter the Armataur Fighter began the quest for the
                  | Orb.
     0 | D:1      | Reached XP level 1. HP: 19/19 MP: 1/1
    50 | D:1      | Reached skill level 2 in Maces & Flails
   215 | D:1      | Reached XP level 2. HP: 26/26 MP: 2/2
   457 | D:1      | Reached skill level 3 in Maces & Flails
   656 | D:2      | Reached XP level 3. HP: 31/32 MP: 3/3
   845 | D:2      | Reached XP level 4. HP: 33/39 MP: 4/4
   850 | D:2      | Reached skill level 4 in Maces & Flails
  1539 | D:3      | Reached XP level 5. HP: 44/44 MP: 5/5
  1828 | D:3      | Noticed Terence
  1841 | D:3      | Killed Terence
  1842 | D:3      | Reached skill level 5 in Maces & Flails
  1908 | D:3      | Found an opulent altar of Gozag.
  1925 | D:3      | Became a worshipper of Gozag Ym Sagoz the Greedy
  2220 | D:4      | Noticed a steam dragon
  2238 | D:4      | Killed a steam dragon
  2239 | D:4      | Reached XP level 6. HP: 5/53 MP: 6/6
  2580 | D:4      | Found a staircase to the Ecumenical Temple.
  2644 | D:4      | Reached skill level 6 in Maces & Flails
  2848 | D:4      | Found Behigano's Book Shop.
  3104 | D:5      | Entered Level 5 of the Dungeon
  3641 | D:5      | Reached XP level 7. HP: 20/59 MP: 7/7
  3821 | D:5      | Reached skill level 7 in Maces & Flails
  4669 | D:6      | Reached skill level 8 in Maces & Flails
  4741 | D:6      | Noticed Menkaure
  4750 | D:6      | Killed Menkaure
  5100 | D:6      | Found Eplacsem's Assorted Antiques.
  5108 | D:6      | Bought a warped ring mail for 261 gold pieces
  5108 | D:6      | Identified the +1 ring mail "Guini" {rPois} (You bought it
                  | in a shop on level 6 of the Dungeon)
  5321 | D:7      | Reached XP level 8. HP: 44/66 MP: 8/8
  5459 | D:7      | Reached skill level 9 in Maces & Flails
  5746 | D:7      | Found Pearph's General Store.
  5755 | D:7      | Bought a scroll of identify for 30 gold pieces
  5755 | D:7      | Bought a scroll of identify for 30 gold pieces
  5755 | D:7      | Bought a scroll of identify for 30 gold pieces
  5755 | D:7      | Bought a scroll of identify for 30 gold pieces
  6112 | D:7      | Reached skill level 10 in Maces & Flails
  6293 | D:8      | Found a stormy altar of Qazlal.
  6482 | D:7      | Reached XP level 9. HP: 54/72 MP: 9/9
  6640 | D:8      | Noticed Pikel
  6653 | D:8      | Killed Pikel
  6654 | D:8      | Reached skill level 11 in Maces & Flails
  7022 | D:8      | Reached skill level 12 in Maces & Flails
  7055 | D:8      | Noticed Maggie
  7072 | D:8      | Killed Maggie
  7500 | D:8      | Found a shadowy altar of Dithmenos.
  7743 | D:8      | Reached skill level 13 in Maces & Flails
  7954 | D:9      | Noticed a kobold demonologist
  7966 | D:8      | Reached skill level 1 in Dodging
  7966 | D:8      | Reached XP level 10. HP: 48/78 MP: 7/10
  8627 | D:8      | HP: 4/82 [poisoned by a hornet]
  8645 | D:7      | Slain by a killer bee

Illustrated notes

Levels and vault maps discovered:
D:1:      dpeg_arrival_court, layout_basic
D:2:      layout_basic
D:3:      layout_loops_cross, mainiacjoe_overflow_concentric_impassable,
          minmay_misc_feat_diagonals, uniq_terence
D:4:      layout_basic, minmay_temple_entry_from_below_a, serial_shops,
          nicolae_shop_hallway_plus
D:5:      layout_loops_corners, serial_co_window_serial,
          co_window_of_opportunity_a, co_window_paths_a, co_window_paths_a,
          co_window_corner_a, co_window_of_opportunity_a, co_window_paths_c,
          co_window_corner_b, co_window_corner_cb, co_window_2corner,
          glass_columns_b, glass_columns_a, glass_columns_c, glass_columns_a
D:6:      layout_cave_pools, serial_shops, nicolae_shop_trees,
          corexii_corridor_pit, uniq_menkaure
D:7:      minmay_klotski, layout_rooms, serial_shops, nicolae_stop_n_shop_2,
          grunt_tough_drop
D:8:      layout_basic, mainiacjoe_overflow_alcove_2, lemuel_crystal_altar,
          minivault_19, uniq_maggie, uniq_pikel
D:9:      layout_long_grid

Skill      XL: |  1  2  3  4  5  6  7  8  9 10 |
---------------+-------------------------------+-----
Maces & Flails | 2 3 4 5 6 8 10 13 | 13.1
Dodging        | 1 |  1.5
Fighting       | 3 |  3.3
Armour         | 4 |  4.4
Shields        | 4 |  4.1

Action                   |  1- 3 |  4- 6 |  7- 9 | 10-12 || total
-------------------------+-------+-------+-------+-------++-------
Melee: Flail             |   101 |   159 |   360 |    64 ||   684
       Tailslap          |    13 |    16 |    39 |    10 ||    78
Throw: Dart              |       |     3 |     3 |       ||     6
Invok: Potion Petition   |       |       |     1 |       ||     1
  Use: Potion            |       |     1 |     4 |     3 ||     8
       Scroll            |       |       |    12 |       ||    12
 Stab: Distracted        |       |       |     1 |       ||     1
Armor: Scale mail        |    68 |    56 |       |       ||   124
       Chain mail        |       |     8 |    39 |       ||    47
       Ring mail         |       |       |    60 |    31 ||    91
       Skin              |       |       |     1 |       ||     1
Dodge: Dodged            |    34 |    41 |    88 |    34 ||   197
Block: Buckler           |    21 |    19 |    48 |    29 ||   117

Table legend: (Time is in decaauts)
 A = Elapsed time spent in this place.
 B = Non-inter-level travel time spent in this place.
 C = Inter-level travel time spent in this place.
 D = Time resting spent in this place.
 E = Time spent auto-exploring this place.
 F = Levels seen in this place.
 G = Mean time per level.
                   A        B        C        D        E       F      G
               +--------+--------+--------+--------+--------+-----+--------+
         Total |   8668 |   8477 |    191 |   1419 |   5337 |   9 |  963.1 |
       Dungeon |   8668 |   8477 |    191 |   1419 |   5337 |   9 |  963.1 |
               +--------+--------+--------+--------+--------+-----+--------+

Top non-repeatable levels by time:
     D:8: 1785 daAuts
     D:5: 1533 daAuts
     D:7: 1190 daAuts
     D:4: 971 daAuts
     D:3: 813 daAuts
     D:2: 729 daAuts
     D:6: 683 daAuts
     D:1: 638 daAuts
     D:9: 322 daAuts
